 Dungeon Crawl Stone Soup version 0.23.2-1-ga50397a6bc (webtiles) character file.

Game seed: 16894732453771601685

11837 Kobolds4U the Cleaver (level 11, -7/99 HPs)
             Began as a Minotaur Fighter on Apr 24, 2019.
             Was a Priest of Ashenzari.
             Mangled by an ice devil (19 damage)
             ... on level 2 of the Orcish Mines.
             The game lasted 00:32:16 (13150 turns).

Kobolds4U the Cleaver (Minotaur Fighter)           Turns: 13150, Time: 00:32:18

Health: -7/99      AC: 16    Str: 21    XL:     11   Next: 54%
Magic:  10/10      EV: 13    Int:  6    God:    Ashenzari [***...]
Gold:   894        SH:  0    Dex: 14    Spells: 10/10 levels left

rFire    . . .     SeeInvis +   O - +1 battleaxe
rCold    . . .     Gourm    .   (shield currently unavailable)
rNeg     . . .     Faith    .   I - +0 chain mail (curse)
rPois    +         Spirit   .   (helmet restricted)
rElec    .         Reflect  .   v - +1 cloak {rPois} (curse)
rCorr    .         Harm     .   L - +0 pair of gloves (curse)
MR       .....                  (no boots)
Stlth    ..........             K - amulet of the acrobat
HPRegen  0.26/turn              e - +2 ring of dexterity
MPRegen  0.12/turn              (no ring)

@: no status effects
A: retaliatory headbutt, horns 2
a: Curse Item, Scrying, Renounce Religion


You were on level 2 of the Orcish Mines.
You worshipped Ashenzari.
Ashenzari was most pleased with you.
You were not hungry.

You visited 3 branches of the dungeon, and saw 14 of its levels.

You collected 894 gold pieces.

Inventory:

Hand Weapons
 a - a +0 war axe
 h - a +0 hunting sling
 u - a +4 whip
 F - the +4 hunting sling of the Hawk {freeze, rF++ Dex+4}
   (You found it on level 5 of the Dungeon)

   It causes projectiles fired from it to freeze those they strike, causing
   extra injury to most foes and up to half again as much damage against
   particularly susceptible opponents.
   They can also slow down cold-blooded creatures.
   It affects your dexterity (+4).
   It greatly protects you from fire.
 O - a +1 battleaxe (weapon)
Missiles
 y - 10 tomahawks (quivered)
 G - 51 sling bullets
Armour
 b - a +0 scale mail
 c - the +1 scale mail of Yredelemnul's Envy {Dex+6}
   (You found it on level 8 of the Dungeon)

   It affects your dexterity (+6).
 q - a +1 leather armour of poison resistance
 s - +0 fire dragon scales
 v - a cursed +1 cloak of poison resistance (worn)
 I - a cursed +0 chain mail (worn)
 L - a cursed +0 pair of gloves (worn)
Jewellery
 e - a +2 ring of dexterity (left hand)
 K - an amulet of the acrobat (around neck)
Wands
 r - a wand of polymorph (24)
 E - a wand of flame (15)
 J - a wand of acid (12)
Scrolls
 g - 2 scrolls of fear {unknown}
 i - 3 scrolls of enchant armour
 j - 2 scrolls of magic mapping {unknown}
 k - 2 scrolls of immolation {unknown}
 l - a scroll of teleportation
 n - a scroll of amnesia
 p - 6 scrolls of remove curse
Potions
 m - a potion of brilliance {unknown}
 o - 3 potions of cancellation
 t - 3 potions of berserk rage
 w - a potion of ambrosia {unknown}
 x - a potion of heal wounds
 A - a potion of mutation {unknown}
 B - 2 potions of haste
 C - 5 potions of degeneration {unknown}
 D - 2 potions of lignification {unknown}
 H - 4 potions of curing
 N - a potion of invisibility {unknown}
Comestibles
 f - 22 rations
 z - 7 chunks of flesh


   Skills:
 - Level 10.0 Fighting
 + Level 14.0 Axes
 - Level 10.0(12.7) Armour
 + Level 9.6 Dodging
   Level 3.6 Shields


You had 10 spell levels left.
You didn't know any spells.
Your spell library contained the following spells:

 Spells                   Type           Power        Failure   Level  Hunger
 Sandblast                Erth           #.....       96%         1    ##.....
 Summon Small Mammal      Summ           #...         96%         1    ##.....
 Call Imp                 Summ           #.......     99%         2    ###....
 Passwall                 Tmut/Erth      #.......     99%         2    ###....
 Poisonous Vapours        Pois/Air       #.....       99%         2    ###....
 Call Canine Familiar     Summ           #.......     100%        3    ####...
 Conjure Flame            Conj/Fire      #.......     100%        3    ####...
 Mephitic Cloud           Conj/Pois/Air  #.......     100%        3    ####...
 Stone Arrow              Conj/Erth      #.....       100%        3    ####...
 Summon Guardian Golem    Hex/Summ       #.......     100%        3    ####...
 Petrify                  Tmut/Erth      #.......     100%        4    #####..
 Summon Ice Beast         Ice/Summ       #.......     100%        4    #####..
 Summon Lightning Spire   Summ/Air       #.......     100%        4    #####..
 Lee's Rapid Deconstruct  Erth           #.........   100%        5    ######.
 Freezing Cloud           Conj/Ice/Air   #.........   100%        6    #######
 Ring of Flames           Chrm/Fire      #.........   100%        7    #######


Dungeon Overview and Level Annotations

Branches:
Dungeon (11/15)            Temple (1/1) D:4            Lair (0/6) D:10
    Orc (2/2) D:9
    Elf: Orc:2

Altars:
Ashenzari
Fedhas
Gozag
Hepliaklqana
Makhleb
Nemelex Xobeh
Okawaru
Qazlal
Sif Muna
Vehumet

Portals:
Ice
Cave: Orc:2

Annotations:
D:6 1 runed translucent door, Descartes's ghost, novice FoFi


Innate Abilities, Weirdness & Mutations

You reflexively headbutt those who attack you in melee.
You have a pair of horns on your head.


Message History

The ice devil closely misses you. You furiously retaliate!
You headbutt the ice devil, but do no damage.
The orc priest looks satisfied for a moment.
You barely miss the orc. You slash the ice devil!
The ice devil barely misses you. The orc barely misses you.
You barely miss the orc. You hit the ice devil but do no damage.
You slash the orc priest! The ice devil hits you.
* * * LOW HITPOINT WARNING * * *
The ice devil freezes you!
* * * LOW HITPOINT WARNING * * *
The orc closely misses you. You furiously retaliate!
You headbutt the orc, but do no damage.
The orc priest hits you but does no damage.
You closely miss the orc priest. Your headbutt misses the orc priest.
The orc priest is heavily wounded.
You closely miss the orc. You closely miss the ice devil.
The ice devil hits you.
* * * LOW HITPOINT WARNING * * *
The ice devil freezes you!!
You die...

......#...## , ....$......#
,##...# ...)))....#*
,...... .. ...).[.####
*#....##.. ..#.)(## ###
#........ ......## #...
*###........ ....(..#
#....##.+.......#
.....(.###∩...$4o#......#
........# ,,*#@o.....##
........# ###......##
#.#.....# * * #.......# *
........##########........
,
#.#............#..........
...##...........{....#....*
, *
#.###...##...........$...#
.## ##.###........$.....#.
..## ### ##.........#.....
,


You could see an ice devil, an orc priest and an orc.

Vanquished Creatures
  A hydra (D:10)
  2 two-headed ogres (D:9)
  An ice devil (Orc:2)
  5 trolls
  A tengu conjurer (D:10)
  6 yaks (D:10)
  Grum (D:10)
  3 wargs
  3 sky beasts
  4 ice beasts
  7 orc warriors
  A necrophage (D:8)
  9 ogres
  2 eyes of draining
  A phantom (D:4)
  6 wolves (D:10)
  6 centaurs
  A crocodile (D:10)
  5 big kobolds
  8 bullfrogs
  2 scorpions
  16 killer bees
  3 howler monkeys
  An electric eel (D:10)
  5 crimson imps
  2 jellies
  3 orc priests
  A bullfrog zombie (D:10)
  10 hounds
  Crazy Yiuf (D:3)
  4 bullfrog skeletons
  3 iguanas
  A gnoll shaman (D:6)
  Terence (D:2)
  5 worker ants
  9 orc wizards
  A killer bee zombie (D:10)
  A hound skeleton (D:6)
  5 gnolls
  14 adders
  A howler monkey skeleton (D:11)
  3 shadow imps
  3 oozes
  2 adder zombies
  2 adder skeletons
  3 worms
  2 dart slugs
  4 leopard geckos
  24 orcs
  7 bats
  6 giant cockroaches
  7 goblins
  16 hobgoblins
  18 jackals
  55 kobolds
  3 quokkas
  3 ball pythons (D:1)
  5 frilled lizards
  A giant cockroach zombie (D:5)
  8 rats
334 creatures vanquished.

Notes
Turn   | Place    | Note
-------+----------+-------------------------------------------
     0 | D:1      | Kobolds4U the Minotaur Fighter began the quest for the Orb.
     0 | D:1      | Reached XP level 1. HP: 19/19 MP: 0/0
    33 | D:1      | Reached XP level 2. HP: 16/27 MP: 1/1
    37 | D:1      | Reached skill level 3 in Axes
   470 | D:1      | Reached skill level 4 in Axes
   470 | D:1      | Reached XP level 3. HP: 31/33 MP: 2/2
   534 | D:1      | Found a sparkling altar of Nemelex Xobeh.
   963 | D:2      | Noticed Terence
   972 | D:2      | Killed Terence
  1046 | D:2      | Reached skill level 5 in Axes
  1046 | D:2      | Reached XP level 4. HP: 37/40 MP: 3/3
  1681 | D:3      | Reached XP level 5. HP: 46/46 MP: 4/4
  1791 | D:3      | Reached skill level 5 in Armour
  2057 | D:3      | Reached XP level 6. HP: 52/52 MP: 5/5
  2181 | D:3      | Reached skill level 6 in Axes
  2517 | D:3      | Found a runed translucent door.
  2518 | D:3      | Noticed Crazy Yiuf
  2880 | D:3      | Killed Crazy Yiuf
  3125 | D:4      | Reached XP level 7. HP: 54/59 MP: 6/6
  3425 | D:4      | Found a staircase to the Ecumenical Temple.
  3521 | Temple   | Entered the Ecumenical Temple
  3529 | Temple   | Became a worshipper of Ashenzari the Shackled
  3676 | D:4      | Reached skill level 7 in Axes
  4461 | D:5      | Entered Level 5 of the Dungeon
  4651 | D:5      | Reached XP level 8. HP: 38/66 MP: 7/7
  4805 | D:5      | Reached * piety under Ashenzari
  5156 | D:5      | Got the hunting sling of the Hawk {freeze, rF++ Dex+4}
  5576 | D:5      | Reached skill level 8 in Axes
  6451 | D:6      | Reached skill level 10 in Armour
  6468 | D:6      | Reached skill level 5 in Fighting
  6712 | D:6      | Found a runed translucent door.
  6719 | D:6      | Noticed Descartes's ghost (novice FoFi)
  7180 | D:6      | Reached skill level 9 in Axes
  7705 | D:6      | Reached XP level 9. HP: 37/78 MP: 8/8
  7967 | D:7      | Reached skill level 10 in Axes
  8300 | D:7      | Reached ** piety under Ashenzari
  9251 | D:8      | Identified the +1 scale mail of Yredelemnul's Envy {Dex+6}
  9279 | D:8      | Reached skill level 1 in Dodging
  9685 | D:9      | Found a staircase to the Orcish Mines.
  9821 | D:9      | Noticed a troll
  9827 | D:9      | Killed a troll
  9946 | D:9      | Found an iron altar of Okawaru.
  9970 | D:9      | Found a stormy altar of Qazlal.
 10002 | D:9      | Reached skill level 11 in Axes
 10154 | D:9      | Noticed a two-headed ogre
 10162 | D:9      | Killed a two-headed ogre
 10162 | D:9      | Reached XP level 10. HP: 45/90 MP: 9/9
 10336 | D:9      | Noticed a two-headed ogre
 10341 | D:9      | Killed a two-headed ogre
 10354 | D:9      | Reached skill level 5 in Dodging
 10585 | D:9      | Reached *** piety under Ashenzari
 10592 | D:9      | Reached skill level 10 in Fighting
 10874 | D:10     | Entered Level 10 of the Dungeon
 10930 | D:10     | Identified the +4 hunting sling of the Hawk {freeze, rF++
                  | Dex+4} (You found it on level 5 of the Dungeon)
 10932 | D:10     | Noticed Grum
 10940 | D:10     | Reached skill level 12 in Axes
 10946 | D:10     | Killed Grum
 11191 | D:10     | Noticed a four-headed hydra
 11217 | D:10     | Killed a four-headed hydra
 11217 | D:10     | Reached XP level 11. HP: 18/99 MP: 10/10
 11548 | D:10     | Reached skill level 13 in Axes
 11638 | D:10     | Found a staircase to the Lair.
 12893 | Orc:1    | Entered Level 1 of the Orcish Mines
 12958 | Orc:2    | Entered Level 2 of the Orcish Mines
 13137 | Orc:2    | Found a frozen archway.
 13145 | Orc:2    | Reached skill level 14 in Axes
 13150 | Orc:2    | Mangled by an ice devil

Skill      XL: |  1  2  3  4  5  6  7  8  9 10 11 |
---------------+----------------------------------+-----
Fighting       | 4 6 9 10 | 10.0
Axes           | 4 5 6 7 9 11 12 14 | 14.0
Armour         | 4 5 7 9 10 | 10.0
Dodging        | 4 7 9 |  9.6
Shields        | |  3.6

Action                   |  1- 3 |  4- 6 |  7- 9 | 10-12 || total
-------------------------+-------+-------+-------+-------++-------
Melee: War axe           |    85 |    42 |       |       ||   127
       Headbutt          |    11 |    25 |    86 |    67 ||   189
       Whip              |       |   167 |   358 |    28 ||   553
       Battleaxe         |       |       |    50 |   264 ||   314
Invok: Curse Item        |       |       |     3 |     1 ||     4
  Use: Scroll            |       |       |    12 |     2 ||    14
       Potion            |       |       |       |     3 ||     3
  Eat: Chunk             |     1 |     5 |    13 |    10 ||    29
       Ration            |       |       |     3 |       ||     3
Armor: Scale mail        |    42 |    77 |    47 |       ||   166
       Chain mail        |       |       |   177 |   130 ||   307
Dodge: Dodged            |    45 |    73 |   117 |   243 ||   478
Block: Shield            |    45 |   119 |   182 |       ||   346
